AoeStats
← MZTK | GaboxNet .i.

African Clearing

510412900Analyzed
2v2 RM · 18h ago on Sep 30, 2026· 28m 11s· 4 players
Game mode
Random Map
Map size
Medium (4 player)
Population
200
Speed
Normal
Resources
Standard
Victory
Conquest
Starting age
Dark Age
Ending age
Imperial Age
RankedLock teamsTeams togetherTeam positionsShared explorationLock speedFull tech treeHidden civsTurbo modeCheats
Victory
Defeat
🇲🇽 Danes · Mexico
1247
+14
🇲🇽 Mongols · Mexico
1200
+16
🇨🇴 Spanish · Colombia
1254
-17
🇨🇴 Mongols · Colombia
1146
-13
chomisplate
7:19 Loom
13:15 Feudal Age
15:22 Double-Bit Axe
16:13 Bloodlines
17:26 Forging
21:10 Horse Collar
25:27 Castle Age
cubdie
11:45 Loom
14:21 Feudal Age
19:34 Castle Age
MZTK | GaboxNet .i.
7:35 Loom
12:58 Feudal Age
15:01 Double-Bit Axe
22:15 Castle Age
21:29 Bloodlines
22:34 Light Cavalry
24:35 Forging
27:16 Husbandry
27:26 Horse Collar
29:16 Wheelbarrow
MZTK l ROD
3:47 Loom
12:04 Feudal Age
13:26 Double-Bit Axe
13:16 Man-at-Arms
14:45 Town Watch
15:53 Scale Mail Armor
19:30 Horse Collar
25:42 Castle Age
24:24 Gold Mining
24:26 Stone Mining
25:04 Forging
26:29 Squires
26:16 Arson
Connection lost

Rejoining the realm…

Still unreachable

The connection could not be restored.

Session expired

The server has moved on; the page needs a fresh start.